 Dungeon Crawl Stone Soup version 0.22-a0-479-gc6e99f3 (webtiles) character file.

1764 KristoblXynda the Ruffian (level 8, -9/67 HPs)
             Began as a Troll Wizard on June 14, 2018.
             Was an Initiate of Ashenzari.
             Mangled by Menkaure (16 damage)
             ... on level 5 of the Dungeon.
             The game lasted 00:07:51 (4310 turns).

KristoblXynda the Ruffian (Troll Wizard)            Turns: 4310, Time: 00:07:52

Health: -9/67      AC:  7    Str: 16    XL:     8   Next: 79%
Magic:  8/10       EV:  9    Int: 16    God:    Ashenzari [......]
Gold:   257        SH:  0    Dex:  8    Spells: 7/11 levels left

rFire    . . .     SeeInvis .     - Unarmed
rCold    . . .     Gourm    +   (no shield)
rNeg     . . .     Faith    .   a - +0 robe
rPois    .         Spirit   .   b - +0 hat
rElec    .         Reflect  .   (no cloak)
rCorr    .         Harm     .   (gloves unavailable)
MR       .....                  (boots unavailable)
Stlth    +.........             f - amulet of magic regeneration
HPRegen  0.61/turn              e - +2 ring of protection
MPRegen  0.37/turn              (no ring)

@: very slightly contaminated
A: large, unfitting armour, claws 3, fast metabolism 3, gourmand, regeneration
1, shaggy fur 1, tough skin 2
a: Curse Item, Renounce Religion


You were on level 5 of the Dungeon.
You worshipped Ashenzari.
Ashenzari was noncommittal.
You were very full.

You visited 2 branches of the dungeon, and saw 6 of its levels.

You collected 257 gold pieces.

Inventory:

Hand Weapons
 s - a +2 whip of freezing
Armour
 a - a +0 robe (worn)
 b - a +0 hat (worn)
Jewellery
 e - a +2 ring of protection (left claw)
 f - an amulet of magic regeneration (around neck)
 l - an uncursed amulet of guardian spirit
Wands
 n - a wand of paralysis (14)
Scrolls
 g - a scroll of amnesia {unknown}
 i - a scroll of teleportation {unknown}
 j - 2 scrolls of blinking {unknown}
 k - 2 scrolls of remove curse
 o - a scroll of random uselessness {unknown}
 p - 3 scrolls of identify
 r - a scroll of immolation {unknown}
 v - a scroll of fog {unknown}
 w - a scroll of enchant armour {unknown}
Potions
 c - a potion of curing
 m - 2 potions of brilliance
 q - 2 potions of resistance {unknown}
 t - a potion of cancellation {unknown}
Comestibles
 d - 9 rations
 u - 8 chunks of flesh


   Skills:
 - Level 1.5 Dodging
 - Level 1.0 Stealth
 + Level 7.9 Unarmed Combat
 - Level 2.0 Spellcasting
 + Level 6.1 Conjurations
   Level 0.6 Summonings
   Level 0.6 Translocations


You had 7 spell levels left.
You knew the following spells:

 Your Spells              Type           Power        Failure   Level  Hunger
a - Magic Dart            Conj           ###.         1%          1    #......
b - Mephitic Cloud        Conj/Pois/Air  #.......     26%         3    ###....

Your spell library contained the following spells:

 Spells                   Type           Power        Failure   Level  Hunger
 Conjure Flame            Conj/Fire      ##......     19%         3    ###....
 Slow                     Hex            #.......     30%         2    ###....
 Blink                    Tloc           N/A          24%         2    ###....
 Call Imp                 Summ           #.......     24%         2    ###....


Dungeon Overview and Level Annotations

Branches:
Dungeon (5/15)             Temple (1/1) D:4

Altars:
Ashenzari
Cheibriados
Dithmenos
Elyvilon
Hepliaklqana
Kikubaaqudgha
Nemelex Xobeh
Okawaru
Qazlal
Ru
Trog
Uskayaw
Vehumet
Zin
The Shining One

Annotations:
D:5 Menkaure


Innate Abilities, Weirdness & Mutations

You are too large for most types of armour.
You have claws for hands.
Your metabolism is lightning-fast.
You like to eat raw meat.
Your natural rate of healing is unusually fast.
You are covered in fur. (AC +1)
You have very tough skin. (AC +2)


Message History

You feel better.
The yak is engulfed in noxious fumes.
The yak appears confused.
Menkaure grins.
You claw the yak!
You kill the yak!
Your Conjurations skill increases to level 6!
Menkaure points at you and mumbles some strange words.
Pain shoots through your body!
* * * LOW HITPOINT WARNING * * *
Really walk into that cloud of noxious fumes?
Okay, then.
You claw Menkaure!
Menkaure is moderately damaged.
Menkaure hits you!
* * * LOW HITPOINT WARNING * * *
The yak is engulfed in noxious fumes.
The yak appears confused.
You claw Menkaure!
Menkaure is severely damaged.
Menkaure hits you!
You die...

####### # .......
###.########################..
...>......YYM@)...............
...#.....#######.##...........
+...........# # ..........
.#.....#####.# ........##
..............# ........##
##########....# ........'.
#....# ........## #....#.#
........# #....#.# .........#


You could see 2 yaks and Menkaure.

Vanquished Creatures
  Pikel (D:4)
  The ghost of KristoblXynda the Ruffian, an amateur TrWz of Ashenzari (D:4)
  4 yaks (D:5)
  The ghost of iamserjio the Cudgeler, an amateur GnBe of Trog (D:3)
  A crimson imp (D:5)
  2 jellies (D:5)
  2 orc priests
  2 worker ants (D:4)
  3 orc wizards (D:5)
  2 hound skeletons
  7 adders
  3 gnolls (D:3)
  An ooze (D:4)
  2 adder skeletons (D:4)
  A dart slug (D:2)
  A leopard gecko (D:2)
  13 orcs
  4 bats
  4 giant cockroaches
  5 goblins
  6 hobgoblins
  8 jackals
  A quokka (D:4)
  2 ball pythons (D:1)
  5 frilled lizards
  A jackal skeleton (D:4)
  10 kobolds
  A leopard gecko zombie (D:5)
  4 rats
98 creatures vanquished.

Vanquished Creatures (others)
  A water moccasin (D:5)
  A worker ant (D:4)
2 creatures vanquished.

Grand Total: 100 creatures vanquished

Notes
Turn   | Place    | Note
-------+----------+-------------------------------------------
     0 | D:1      | KristoblXynda the Troll Wizard began the quest for the Orb.
     0 | D:1      | Reached XP level 1. HP: 16/16 MP: 2/2
    74 | D:1      | Reached skill level 1 in Conjurations
   104 | D:1      | Reached skill level 1 in Unarmed Combat
   186 | D:1      | Reached XP level 2. HP: 24/24 MP: 4/4
   898 | D:2      | Reached XP level 3. HP: 31/31 MP: 5/5
   903 | D:2      | Learned a level 3 spell: Mephitic Cloud
   973 | D:2      | Found a bloodstained altar of Trog.
  1066 | D:2      | Reached skill level 2 in Unarmed Combat
  1700 | D:3      | Noticed iamserjio's ghost (amateur GnBe)
  1748 | D:3      | Killed iamserjio's ghost
  1748 | D:3      | Reached skill level 3 in Unarmed Combat
  1748 | D:3      | Reached XP level 4. HP: 23/39 MP: 6/6
  1748 | D:3      | Reached XP level 5. HP: 26/45 MP: 7/7
  2043 | D:3      | Reached skill level 4 in Unarmed Combat
  2243 | D:3      | Found a faded altar of an unknown god.
  2293 | D:4      | Reached XP level 6. HP: 53/53 MP: 8/8
  2296 | D:4      | Found a radiant altar of Vehumet.
  2403 | D:4      | Noticed KristoblXynda's ghost (amateur TrWz)
  2449 | D:4      | Killed KristoblXynda's ghost
  2449 | D:4      | Reached skill level 5 in Unarmed Combat
  2449 | D:4      | Reached XP level 7. HP: 10/59 MP: 9/9
  2820 | D:4      | Found a staircase to the Ecumenical Temple.
  2829 | Temple   | Entered the Ecumenical Temple
  2871 | Temple   | Became a worshipper of Ashenzari the Shackled
  3696 | D:5      | Entered Level 5 of the Dungeon
  3714 | D:5      | Noticed Pikel
  3749 | D:4      | Killed Pikel
  3749 | D:4      | Reached skill level 6 in Unarmed Combat
  3749 | D:4      | Reached skill level 5 in Conjurations
  3749 | D:4      | Reached XP level 8. HP: 22/67 MP: 10/10
  4159 | D:5      | Reached skill level 7 in Unarmed Combat
  4290 | D:5      | Noticed Menkaure
  4310 | D:5      | Mangled by Menkaure

Vault maps used:
D:1:      erik_arrival_blinker_ship, hangedman_decor_points
D:2:      lemuel_crystal_altar
D:3:      chequers_ecumenical_altar_grove, first_ration
D:4:      vehumet_crystals, lemuel_temple_firewalk_b
D:5:      lemuel_ice_spiral_2, uniq_menkaure, uniq_pikel
Temple:   oiseaux_autumnal_temple

Skill      XL: |  1  2  3  4  5  6  7  8 |
---------------+-------------------------+-----
Conjurations   | 1 2 3 5 6 |  6.1
Unarmed Combat | 1 3 4 5 6 7 |  7.9
Dodging        | |  1.5
Stealth        | |  1.0
Spellcasting   | |  2.0
Summonings     | |  0.6
Translocations | |  0.6

Action                   |  1- 3 |  4- 6 |  7- 9 || total
-------------------------+-------+-------+-------++-------
Melee: Unarmed           |   173 |    78 |   147 ||   398
       Punch             |     2 |     1 |     4 ||     7
 Cast: Magic Dart        |       |    16 |     4 ||    20
       Mephitic Cloud    |       |       |     5 ||     5
  Use: Scroll            |     3 |       |     1 ||     4
       Potion            |     1 |     4 |     2 ||     7
 Stab: Confused          |       |       |     2 ||     2
  Eat: Chunk             |    19 |     7 |    19 ||    45
Armor: Robe              |    65 |    25 |    44 ||   134
Dodge: Dodged            |   103 |    34 |    63 ||   200

Table legend:
 A = Spawn XP
 B = Non-spawn XP
 C = Spawn XP percentage of total XP
 D = Spawn monster count
 E = Non-spawn monster count
 F = Spawn count percentage of total count
 G = Total turns spent on level
                    A         B        C        D         E        F      G
               +---------+---------+-------+---------+---------+-------+---------
         Total |       0 |    2520 |   0.0 |       0 |      98 |   0.0 |  4310
               +---------+---------+-------+---------+---------+-------+---------
           D:1 |       0 |      37 |   0.0 |       0 |      23 |   0.0 |   840
           D:2 |       0 |      43 |   0.0 |       0 |      17 |   0.0 |   632
           D:3 |       0 |     289 |   0.0 |       0 |      10 |   0.0 |   814
           D:4 |       0 |    1113 |   0.0 |       0 |      26 |   0.0 |  1177
           D:5 |       0 |    1038 |   0.0 |       0 |      22 |   0.0 |   505
               +---------+---------+-------+---------+---------+-------+---------
